 Dungeon Crawl Stone Soup version 0.17-a0-1646-geb1493d (webtiles) character file.

781 matakusis the Grave Robber (level 7, -9/46 HPs)
             Began as a Demonspawn Necromancer on Aug 9, 2015.
             Killed from afar by Blork the orc (10 damage)
             ... with a puff of flame
             ... on level 5 of the Dungeon.
             The game lasted 00:28:01 (4976 turns).

matakusis the Grave Robber (Demonspawn Necromancer) Turns: 4976, Time: 00:28:01

Health: -9/46      AC:  8    Str:  8    XL:     7   Next: 55%
Magic:  9/15       EV: 13    Int: 18    God:
Gold:   115        SH:  0    Dex: 13    Spells: 3 memorised, 8 levels left

rFire  . . .     SeeInvis .     r - +2 whip (drain)
rCold  + . .     Clarity  .     n - +1 robe {rC+}
rNeg   . . .     SustAt   .     (no shield)
rPois  .         Gourm    .     (helmet restricted)
rElec  .         Spirit   .     (no cloak)
rCorr  .         Warding  .     (no gloves)
rMut   .         Stasis   .     (no boots)
MR     +....                    (no amulet)
Stlth  ++........               f - +1 ring of protection
                                j - ring of protection from magic

@: starving, somewhat resistant to hostile enchantments, unstealthy
A: antennae 1, hooves 2, rough black scales 1
a: no special abilities


You were on level 5 of the Dungeon.
You were starving.

You visited 1 branch of the dungeon, and saw 5 of its levels.

You collected 205 gold pieces.
You spent 90 gold pieces at shops.

Inventory:

Hand weapons
 r - a +2 whip of draining (weapon)
Missiles
 m - a throwing net (quivered)
Armour
 n - a +1 robe of cold resistance (worn)
Jewellery
 e - an uncursed ring of invisibility
 f - a +1 ring of protection (right hand)
 j - a ring of protection from magic (left hand)
Scrolls
 d - 2 scrolls of enchant weapon
 k - 2 scrolls of recharging
 p - 3 scrolls of teleportation
Potions
 a - a potion of degeneration
 h - a potion of might
 o - 2 potions of curing
Books
 b - a book of Necromancy

   Spells                             Type                      Level
   a - Pain                           Necromancy                   1
   b - Animate Skeleton               Necromancy                   1
   c - Vampiric Draining              Necromancy                   3
   d - Regeneration                   Charms/Necromancy            3
   e - Animate Dead                   Necromancy                   4
   f - Control Undead                 Necromancy                   4
Comestibles
 c - 3 bread rations
 g - a beef jerky
 i - 2 meat rations
 l - a slice of pizza
 q - a royal jelly


   Skills:
 + Level 0.2 Fighting
 + Level 0.1 Maces & Flails
 + Level 3.0 Dodging
 + Level 2.1 Stealth
 + Level 5.4 Spellcasting
 + Level 0.5 Charms
 + Level 7.3 Necromancy


You had 8 spell levels left.
You knew the following spells:

 Your Spells              Type           Power        Failure   Level  Hunger
a - Pain                  Necr           ####         1%          1    None
b - Animate Dead          Necr           N/A          8%          4    ####...
c - Regeneration          Chrm/Necr      ###.......   10%         3    ##.....


Dungeon Overview and Level Annotations

Branches:
Dungeon (5/15)
 Temple: D:4-7

Altars:
Ashenzari
Cheibriados
Nemelex Xobeh
Trog
Xom

Shops:
D:4 *

Annotations:
D:5 Blork the orc


Innate Abilities, Weirdness & Mutations

You have hoof-like feet.
You are partially covered in rough black scales (AC +4, Dex -1).
You have a pair of small antennae on your head.


Message History

You barely miss something. You hit something. Something hits you.
Something unseen opens the door.
You miss something. Something hits you.
* * * LOW HITPOINT WARNING * * *
You hear some strange, mumbled words.
A puff of flame appears from out of thin air!
The puff of flame hits you!
* * * LOW HITPOINT WARNING * * *
A magic dart appears from out of thin air!
The magic dart hits you!
* * * LOW HITPOINT WARNING * * *
A puff of flame appears from out of thin air!
The puff of flame hits you!
* * * LOW HITPOINT WARNING * * *
A magic dart appears from out of thin air!
The magic dart hits you!
* * * LOW HITPOINT WARNING * * *
A puff of flame appears from out of thin air!
The puff of flame hits you!
You die...

..# ## #.#......# ...####
#.#......# ?......
#.#......#
......l##########.#......#
..?.)oa{........#.#......#
...##'#######@###.#....#.#
######.###.#....#<#.#.#
.........{Z.............
..#####.....####.###.#.#
####### #Z# #.# #.# #.#.#
#.# #.#.. #.###.#..
######.#...#..


You could see an iguana and a worker ant.

Vanquished Creatures
  3 ogres
  2 scorpions
  A hound (D:4)
  An orc wizard (D:3)
  An iguana (D:4)
  A jelly (D:5)
  A gnoll shaman (D:4)
  2 worker ants
  A hound skeleton (D:4)
  8 gnolls (D:4)
  6 adders
  3 worms (D:3)
  A giant gecko (D:1)
  5 orcs
  6 bats
  3 goblins
  9 hobgoblins
  6 kobolds
  A quokka (D:3)
  2 ball pythons
  6 giant cockroaches
  7 giant newts
  2 jackals (D:3)
  9 rats
87 creatures vanquished.

Vanquished Creatures (collateral kills)
  A crimson imp (D:5)
  A worker ant (D:5)
  A gnoll (D:4)
  A giant cockroach (D:5)
4 creatures vanquished.

Grand Total: 91 creatures vanquished

Notes
Turn   | Place    | Note
--------------------------------------------------------------
     0 | D:1      | matakusis the Demonspawn Necromancer began the quest for the Orb.
     0 | D:1      | Reached XP level 1. HP: 13/13 MP: 3/3
   562 | D:1      | Gained mutation: You are partially covered in rough black scales (AC +4, Dex -1). [demonic ancestry]
   562 | D:1      | Reached XP level 2. HP: 13/19 MP: 3/5
  1453 | D:2      | Reached skill level 5 in Necromancy
  1457 | D:2      | Gained mutation: You have large cloven feet. [demonic ancestry]
  1457 | D:2      | Reached XP level 3. HP: 21/24 MP: 2/6
  1894 | D:3      | Noticed a moth of wrath
  1897 | D:3      | Found a bloodstained altar of Trog.
  2059 | D:3      | Gained mutation: You have a pair of small antennae on your head. [potion of beneficial mutation]
  2253 | D:3      | Reached XP level 4. HP: 27/30 MP: 6/8
  2319 | D:3      | Learned a level 4 spell: Animate Dead
  2791 | D:3      | Found a shimmering altar of Xom.
  2863 | D:3      | Found a sparkling altar of Nemelex Xobeh.
  2865 | D:3      | Found a shattered altar of Ashenzari.
  2944 | D:3      | Noticed an ogre
  2956 | D:3      | Killed an ogre
  2956 | D:3      | Reached XP level 5. HP: 29/35 MP: 2/10
  3360 | D:4      | Found Atepyd's Assorted Antiques.
  3363 | D:4      | Noticed an ogre
  3375 | D:4      | Killed an ogre
  3375 | D:4      | Reached skill level 6 in Necromancy
  3375 | D:4      | Reached XP level 6. HP: 35/41 MP: 4/11
  3384 | D:4      | Bought a scroll of remove curse for 45 gold pieces
  3384 | D:4      | Bought a runed falchion for 45 gold pieces
  3490 | D:4      | Learned a level 3 spell: Regeneration
  3573 | D:4      | HP: 2/41 [gnoll/flail (8)]
  4083 | D:4      | Noticed an ogre
  4090 | D:4      | Killed an ogre
  4094 | D:4      | Gained mutation: You have hoof-like feet. [demonic ancestry]
  4094 | D:4      | Reached XP level 7. HP: 37/46 MP: 5/14
  4373 | D:4      | Reached skill level 7 in Necromancy
  4425 | D:4      | Reached skill level 5 in Spellcasting
  4696 | D:5      | Entered Level 5 of the Dungeon
  4709 | D:5      | Found a snail-covered altar of Cheibriados.
  4951 | D:5      | Noticed Blork the orc
  4975 | D:5      | HP: 1/46 [something/magic dart (5)]
  4976 | D:5      | Killed from afar by Blork the orc

Vault maps used:
D:1:      roderic_dead_forest
D:2:      first_bread
D:3:      tgw_trog, grunt_temple_overflow_open, grunt_ministairs_15
D:4:      serial_shops, nicolae_shop_waterfront
D:5:      cheibriados_altar_1, temple_doors_e, nicolae_ru_path_of_blood,
          uniq_blork_the_orc

Action                   |  1- 3 |  4- 6 |  7- 9 || total
-------------------------+-------+-------+-------++-------
Melee: Dagger            |    32 |       |       ||    32
       Hand axe          |    20 |     9 |       ||    29
       Falchion          |       |     8 |     7 ||    15
       Whip              |       |       |    21 ||    21
 Cast: Pain              |    69 |    99 |    34 ||   202
       Animate Dead      |       |     2 |     3 ||     5
       Regeneration      |       |     4 |     2 ||     6
  Use: Scroll            |     6 |     4 |     5 ||    15
       Potion            |     1 |     1 |       ||     2
  Eat: Chunk             |     5 |     5 |     3 ||    13
